Match 46123100
Unlisted

Match 46123100
End
Pioneer Squad
Construct Infanterie Kompanie
MG 42 Machine Gun Team
Kettenkrad Recon Vehicle
Selects Breakthrough Battlegroup
Grenadier Squad
Selects Assault Grenadiers
Grenadier Squad
Construct Panzergrenadier Kompanie
Medical Station
Panzergrenadier Squad
Selects Breakthrough
Support Elements
Pak 40 Anti-tank Gun Team
Nebelwerfer 42 Rocket Launcher Team
Selects Rapid Production
Panzergrenadier Squad
Construct Panzer Kompanie
Panzer IV Medium Tank
Selects Incendiary Bombing Run
Incendiary Bombing Run
Stoßtruppen Squad
Panzer IV Medium Tank
Incendiary Bombing Run
Panzer IV Medium Tank
Panzergrenadier Squad
Pak 40 Anti-tank Gun Team
Selects Blitzkrieg
Selects Tiger Heavy Tank
Pak 40 Anti-tank Gun Team
Incendiary Bombing Run
Grenadier Squad
Silver G.
Sad Pepe
0
0

Comments sign in to comment!

No comments posted yet!